AoeStats
← KUBU NITO

Arabia

506467001Analyzed
1v1 RM · 19d ago on Sep 13, 2026· 48m 35s· 2 players
Game mode
Random Map
Map size
Tiny (2 player)
Population
200
Speed
Normal
Resources
Standard
Victory
Conquest
Starting age
Dark Age
Ending age
Imperial Age
RankedLock teamsTeams togetherTeam positionsShared explorationLock speedFull tech treeHidden civsTurbo modeCheats
Victory
Defeat
🇧🇷 Lithuanians · Brazil
927
+15
🇧🇷 Portuguese · Brazil
909
-15
KUBU NITO
0:28 Loom
12:35 Feudal Age
24:02 Castle Age
23:42 Gold Mining
25:01 Fletching
27:48 Double-Bit Axe
28:37 Stone Mining
30:16 Murder Holes
37:38 Imperial Age
37:20 Bodkin Arrow
38:12 Pikeman
47:32 Conscription
Fat_Astronaut
6:26 Loom
9:22 Feudal Age
16:28 Double-Bit Axe
20:13 Castle Age
19:25 Bloodlines
19:32 Fletching
20:38 Crossbowman
22:44 Scale Barding Armor
24:35 Padded Archer Armor
25:54 Chain Barding Armor
27:09 Horse Collar
28:19 Forging
30:51 Iron Casting
34:06 Gold Mining
34:35 Bodkin Arrow
36:59 Wheelbarrow
36:40 Bow Saw
45:46 Imperial Age
45:17 Leather Archer Armor
Connection lost

Rejoining the realm…

Still unreachable

The connection could not be restored.

Session expired

The server has moved on; the page needs a fresh start.